 Dungeon Crawl Stone Soup version 0.31-a0-1576-ga3383bade6 (webtiles) character file.

Game seed: 1922784378688880045

434 grandjackal the Chopper (level 6, -2/51 HPs)
             Began as a Demonspawn Gladiator on Jan 4, 2024.
             Slain by an ogre
             ... wielding a +0 giant spiked club
              (9 damage)
             ... on level 4 of the Dungeon.
             The game lasted 00:05:18 (3641 turns).

grandjackal the Chopper (Demonspawn Gladiator)      Turns: 3641, Time: 00:05:19

Health: -2/51      AC: 10    Str: 16    XL:     6   Next: 67%
Magic:  0/6        EV: 11    Int:  9    God:
Gold:   264        SH:  0    Dex: 14    Spells: 5/5 levels left

rFire   + . .        a - +0 war axe
rCold   . . .        (no shield)
rNeg    + . .        y - +0 scale mail
rPois   .            c - +0 helmet
rElec   .            p - +1 cloak {rCorr}
rCorr   +            (no gloves)
SInv    .            w - +0 pair of boots
Will    .....        s - amulet of guardian spirit Stlth
                     o - ring of positive energy
HPRegen 0.28/turn    z - ring of protection from fire
MPRegen 0.10/turn

%: guardian spirit
@: no status effects
A: sturdy frame 1, demonic magic 1
a: no special abilities


You were on level 4 of the Dungeon.
You visited 1 branch of the dungeon, and saw 4 of its levels.
You also visited: Sewer.

You collected 264 gold pieces.

Inventory:

Hand Weapons
 a - a +0 war axe (weapon)
Missiles
 d - a throwing net (quivered)
 e - a javelin
Armour
 c - a +0 helmet (worn)
 p - a +1 cloak of preservation (worn)
 w - a +0 pair of boots (worn)
 y - a +0 scale mail (worn)
Jewellery
 o - a ring of positive energy (left hand)
 s - an amulet of guardian spirit (around neck)
 z - a ring of protection from fire (right hand)
Wands
 q - a wand of charming (2)
Scrolls
 i - 3 scrolls of teleportation {unknown}
 j - 3 scrolls of blinking {unknown}
 k - a scroll of brand weapon {unknown}
 l - 2 scrolls of enchant weapon {unknown}
 n - a scroll of vulnerability {unknown}
 r - 2 scrolls of fog {unknown}
 t - a scroll of identify {unknown}
 u - 2 scrolls of revelation {unknown}
 x - a scroll of enchant armour {unknown}
Potions
 b - a potion of heal wounds {unknown}
 f - 5 potions of enlightenment
 g - a potion of berserk rage {unknown}
 h - 2 potions of brilliance {unknown}
 m - 3 potions of cancellation {unknown}
 v - a potion of mutation
 A - a potion of haste {unknown}


   Skills:
 + Level 5.1 Fighting
 + Level 5.1 Axes
 - Level 2.0 Throwing
 - Level 3.0 Dodging


You had 5 spell levels left.
You didn't know any spells.
Your spell library contained the following spells:

 Spells                   Type           Power      Damage    Failure   Level
 Animate Dead             Necr           0%         N/A       100%        4
 Borgnjor's Vile Clutch   Necr/Erth      0%         N/A       100%        5
 Death Channel            Necr           0%         N/A       100%        6


Dungeon Overview and Level Annotations

Branches:
Dungeon (4/15)              Sewer (visited)
 Temple: D:4-7

Altars:
Gozag
Nemelex Xobeh
Wu Jian
Yredelemnul

Shops:
D:1 [


Innate Abilities, Weirdness & Mutations

Your movements are slightly less encumbered by armour. (ER -2)
Spells you cast may paralyse adjacent enemies.


Message History

f - 5 potions of enlightenment (gained 1)
You now have 264 gold pieces (gained 9).
Found 6 boomerangs.
Found 4 stones.
u - 2 scrolls labelled PONTET BIG FAC (gained 1)
Found an escape hatch in the floor.
An ogre comes into view. It is wielding a +0 giant spiked club.
The ogre shouts!
An ogre is nearby!
An ogre is nearby!
The ogre closely misses you.
You hit the ogre.
The ogre is moderately wounded.
The ogre closely misses you.
You hit the ogre.
The ogre is heavily wounded.
The ogre barely misses you.
You barely miss the ogre.
The ogre is heavily wounded.
The ogre misses you.
You barely miss the ogre.
The ogre is heavily wounded.
You hit the ogre.
The ogre is heavily wounded.
The ogre hits you with a +0 giant spiked club!!
Ouch! That really hurt!
You are too injured to fight recklessly!
You are too injured to fight recklessly!
You are too injured to fight recklessly!
You hit the ogre.
The ogre is severely wounded.
The ogre hits you with a +0 giant spiked club!!
* * * LOW HITPOINT WARNING * * *
Throw: 2 throwing nets
Press: ? - help, Q - select action, (/) - cycle Shift-Dir - straight line, f - ogre
Aim: an ogre, wielding a +0 giant spiked club (severely wounded, 74% to hit)
You throw a throwing net.
The throwing net barely misses the ogre.
The ogre hits you with a +0 giant spiked club!
You die...

......#......#
.##....#.....#
.##....#.....#
........#....# #
....##..#....# #.#
._..##..#....# ....
........#>#.## ###
...#
.....(..#.#.##+#.#..#
..≈≈...#.....#.#@O.(#
..≈≈...#..#.....#.###
.(........##.#..###
....##.......####
#.##........## #.
........## ..........
......#...# ..##


You could see an ogre.

Vanquished Creatures
  A brain worm (Sewer)
  2 orc priests
  Crazy Yiuf (D:2)
  A hound (D:3)
  An iguana (D:4)
  An orc wizard (D:3)
  A gnoll (D:1)
  3 river rats (Sewer)
  5 adders
  A ribbon worm (D:3)
  3 dart slugs
  6 orcs
  13 bats
  5 endoplasms
  9 giant cockroaches
  8 goblins
  6 hobgoblins
  4 jackals
  5 kobolds
  7 quokkas
  14 ball pythons
  4 frilled lizards
  8 rats
109 creatures vanquished.

Notes
Turn   | Place    | Note
-------+----------+-------------------------------------------
     0 | D:1      | grandjackal the Demonspawn Gladiator began the quest for
                  | the Orb.
     0 | D:1      | Reached XP level 1. HP: 16/16 MP: 1/1
   110 | D:1      | Gained mutation: Spells you cast may paralyse adjacent
                  | enemies. [demonic ancestry]
   110 | D:1      | Reached XP level 2. HP: 5/22 MP: 2/2
   307 | D:1      | Found Poceg's Armour Boutique.
   524 | D:1      | Reached XP level 3. HP: 22/28 MP: 3/3
  1321 | D:2      | Found a sparkling altar of Nemelex Xobeh.
  1363 | D:2      | Gained mutation: Your movements are slightly less
                  | encumbered by armour. (ER -2) [demonic ancestry]
  1363 | D:2      | Reached XP level 4. HP: 30/35 MP: 4/4
  1411 | D:2      | Found a runed translucent door.
  1412 | D:2      | Noticed Crazy Yiuf
  1674 | D:2      | Killed Crazy Yiuf
  1993 | D:3      | Found a glowing drain.
  2002 | D:3      | Reached XP level 5. HP: 42/42 MP: 5/5
  2013 | Sewer    | Entered a sewer
  2329 | Sewer    | Reached XP level 6. HP: 36/49 MP: 6/6
  2987 | D:3      | Found a basalt altar of Yredelemnul.
  2987 | D:3      | Found an opulent altar of Gozag.
  3475 | D:3      | Reached skill level 5 in Fighting
  3475 | D:3      | Reached skill level 5 in Axes
  3586 | D:4      | Found an ornate altar of the Wu Jian Council.
  3641 | D:4      | Slain by an ogre

Illustrated notes

Levels and vault maps discovered:
D:1:      roderic_crop_circles_arrival_small, layout_basic, serial_shops,
          nicolae_shop_waterfront, palyth_stone_intersect, nrook_campfire,
          chequers_serial_rivers_room_b, bh_walls_and_bars
D:2:      layout_basic, basic_altar, uniq_crazy_yiuf_cottage
D:3:      layout_loops_ring, amethyst_overflow_temple_binary,
          portal_sewer_entry_f, minmay_circle_x
D:4:      minmay_razor_zed, layout_cave_pools, nicolae_wu_jian_wuxing_cycle,
          minmay_misc_feat_alley

Skill      XL: |  1  2  3  4  5  6 |
---------------+-------------------+-----
Throwing       | 2 |  2.0
Dodging        | 3 |  3.0
Axes           | 3 4 5 |  5.1
Fighting       | 3 4 5 |  5.1

Action                     |  1- 3 |  4- 6 || total
---------------------------+-------+-------++-------
  Melee: War axe           |    97 |   225 ||   322
         Punch             |       |     4 ||     4
  Throw: Throwing net      |       |     2 ||     2
 Armour: Leather armour    |    27 |       ||    27
         Ring mail         |    33 |   115 ||   148
         Scale mail        |       |    49 ||    49
  Dodge: Dodged            |    94 |   181 ||   275

Table legend: (Time is in decaauts)
 A = Elapsed time spent in this place.
 B = Non-inter-level travel time spent in this place.
 C = Inter-level travel time spent in this place.
 D = Time resting spent in this place.
 E = Time spent auto-exploring this place.
 F = Levels seen in this place.
 G = Mean time per level.
                   A        B        C        D        E       F      G
               +--------+--------+--------+--------+--------+-----+--------+
         Total |   3871 |   3772 |     99 |    466 |   2127 |   5 |  774.2 |
       Dungeon |   3131 |   3032 |     99 |    298 |   1998 |   4 |  782.8 |
         Sewer |    740 |    740 |      0 |    168 |    129 |   1 |  740.0 |
               +--------+--------+--------+--------+--------+-----+--------+

Top non-repeatable levels by time:
     D:3: 898 daAuts
     D:2: 884 daAuts
     D:1: 855 daAuts
   Sewer: 740 daAuts
     D:4: 493 daAuts
